 Dungeon Crawl Stone Soup version 0.26-a0-712-ga5a9c9c9d0 (webtiles) character file.

Game seed: 12670753493417169119

58679 Azzok the Executioner (level 14, 0/139 HPs)
             Began as a Demonspawn Berserker on Nov 5, 2020.
             Was the Champion of Trog.
             Succumbed to a redback's poison
             ... in a Gauntlet.
             The game lasted 00:30:43 (24957 turns).

Azzok the Executioner (Demonspawn Berserker)       Turns: 24957, Time: 00:30:44

Health: 0/139      AC: 18    Str: 23    XL:     14   Next: 50%
Magic:  14/14      EV:  7    Int:  8    God:    Trog [******]
Gold:   717        SH: 11    Dex: 13    Spells: 13/13 levels left

rFire    + . .     SeeInvis +   O - +2 broad axe (flame)
rCold    . . .     Faith    +   t - +0 buckler
rNeg     + . .     Spirit   .   c - +0 plate armour
rPois    .         Reflect  .   (helmet unavailable)
rElec    .         Harm     .   m - +2 cloak
rCorr    .         Rampage  .   X - +0 pair of gloves {archery}
MR       +....     NoTele   +   y - +2 pair of boots
Stlth    ..........             u - amulet of faith
HPRegen  0.33/turn              q - ring of see invisible
MPRegen  0.14/turn              Z - ring of positive energy

@: mighty, berserking (expiring), lethally poisoned (0 -> -82), very quick
A: horns 3, large bone plates 2, fire resistance 1, powered by pain 1
a: Berserk, Trog's Hand, Brothers in Arms, Renounce Religion


You were in a Gauntlet.
You worshipped Trog.
Trog was exalted by your worship.
You visited 2 branches of the dungeon, and saw 17 of its levels.
You also visited: Gauntlet and Ice Cave.

You collected 1319 gold pieces.
You spent 602 gold pieces at shops.

Inventory:

Hand Weapons
 g - a +2 antimagic executioner's axe
 O - a +2 broad axe of flaming (weapon)
 Y - the +10 executioner's axe "Waaw" {antimagic, +Rage rElec rC+ Stlth+}
   (You took it off an orc knight on level 13 of the Dungeon)

   It reduces the magical energy of the wielder, and disrupts the spells and
   magical abilities of those hit.
   Natural abilities and divine invocations are not affected.
   It protects you from cold.
   It insulates you from electricity.
   It lets you go berserk.
   It makes you more stealthy.
Armour
 c - a +0 plate armour (worn)
 m - a +2 cloak (worn)
 t - a +0 buckler (worn)
 y - a +2 pair of boots (worn)
 X - a +0 pair of gloves of archery (worn)
Jewellery
 q - a ring of see invisible (left hand)
 u - an amulet of faith (around neck)
 H - an uncursed ring of flight
 N - an uncursed ring of fire
 U - an uncursed ring of ice
 W - an uncursed ring of ice
 Z - a ring of positive energy (right hand)
Wands
 a - a wand of acid (9)
 w - a wand of disintegration (28)
 x - a wand of iceblast (14)
 D - a wand of flame (49)
 Q - a wand of digging (2)
 S - a wand of paralysis (5)
Scrolls
 b - 4 scrolls of immolation
 d - 8 scrolls of teleportation
 e - 5 scrolls of fear
 i - 2 scrolls of noise {unknown}
 l - 11 scrolls of remove curse
 o - 2 scrolls of magic mapping
 z - a scroll of acquirement {unknown}
 A - a scroll of blinking
 B - 2 scrolls of brand weapon
 C - 5 scrolls of amnesia {unknown}
 F - 2 scrolls of random uselessness {unknown}
 J - 3 scrolls of enchant armour {unknown}
 K - 4 scrolls of fog
 M - a scroll of silence
 R - a scroll of torment
 T - a scroll of enchant weapon {unknown}
Potions
 f - a potion of cancellation
 h - 2 potions of haste
 j - 3 potions of mutation {!q}
 k - 9 potions of curing
 n - 3 potions of might
 p - a potion of invisibility
 r - a potion of magic
 s - 3 potions of brilliance
 v - a potion of stabbing
 E - 2 potions of resistance
 G - a potion of flight
 L - a potion of heal wounds
 P - a potion of lignification
 V - a potion of berserk rage


   Skills:
 - Level 3.0 Fighting
 + Level 21.2 Axes
 - Level 1.7 Armour
 - Level 1.7 Dodging
 - Level 4.0 Shields


You had 13 spell levels left.
You didn't know any spells.
Your spell library was empty.

Dungeon Overview and Level Annotations

Branches:
Dungeon (14/15)            Temple (0/1) D:4            Lair (3/6) D:9
 Shoals (0/4) Lair:3       Spider (0/4) Lair:3          Orc (0/2) D:10
 Vaults (0/5) D:14          IceCv (visited)         Gauntlet (1/1)

Altars:
Ashenzari
Elyvilon
Qazlal
Sif Muna
Trog
Wu Jian
Xom
The Shining One

Shops:
D:6 *   D:13 ([*

Annotations:
D:5 2 transporters, Bliebski's ghost, novice OpTm
D:8 Blork the orc Gauntlet 7 transporters


Innate Abilities, Weirdness & Mutations

You have a pair of large horns on your head.
You are mostly covered in large bone plates. (SH +6)
Your flesh is heat resistant. (rF+)
You sometimes gain a little power by taking damage.


Message History

The redback barely misses you.
The moth of wrath goads the redback on!
The redback goes berserk!
The redback bites you but does no damage.
You slice the moth of wrath!! You burn the moth of wrath!
You kill the moth of wrath!
Trog accepts your kill.
You closely miss the redback.
Your plate armour prevents you from hitting the redback.
* * * LOW HITPOINT WARNING * * *
You feel very sick. The redback bites you!!
* * * LOW HITPOINT WARNING * * *
You block the redback's attack.
The redback enters a dispersal trap!
You blink.
You are too berserk!
* * * LOW HITPOINT WARNING * * *
You feel very sick.
You feel a strong urge to attack something.
* * * LOW HITPOINT WARNING * * *
You feel very sick.
You die...

▒▒·▒▒▒·▒▒▒·▒▒▒
··············· ▒▒
·8·8··©·©··8·8· ▒8
···············
▒▒▒▒▒▒▒▒▒▒▒▒▒▒▒▒▒▒▒▒▒▒▒
▒▒▒≈············≈∩≈······
▒8▒······················
▒··▒▒▒▒▒▒▒▒▒▒▒···▒▒▒▒▒▒
▒··▒··@(©!···▒···▒··"$©
▒▒▒··▒·^^▒·▒·^·▒···▒^▒▒··
▒8▒··▒····▒··^·▒···▒·▒·▒▒
▒▒▒··▒·▒··▒··▒·▒···▒·^▒▒^
▒··▒s▒▒▒▒▒▒▒·▒···▒····©
▒▒▒··▒·▒s©▒··▒·▒···▒··▒▒·
▒8▒··▒····▒····▒···▒·▒·▒▒
▒▒▒··▒···▒▒▒s··▒···▒^▒▒··
▒··▒··†······▒···▒·····


You could see a redback (berserk).

Vanquished Creatures
  A frost giant (IceCv)
  An ironheart preserver (D:14)
  A stone giant (D:13)
  3 slime creatures
  Harold (Lair:2)
  2 boulder beetles (D:14)
  4 hydras
  The ghost of Azzok the Severer, a journeyman DsBe of Trog (D:13)
  A centaur warrior (D:14)
  7 two-headed ogres
  A death yak (IceCv)
  Urug (D:10)
  Nergalle (Lair:2)
  4 skeletal warriors (D:14)
  An unseen horror (D:11)
  An orc knight (D:13)
  2 ugly things
  4 cyclopes
  An orb spider (shapeshifter) (D:14)
  3 deep elf magi
  2 manticores
  2 moths of wrath
  A black mamba (shapeshifter) (D:14)
  3 black mambas
  An ice statue (IceCv)
  2 gargoyles
  3 cane toads (Lair:2)
  2 rime drakes
  Maggie (Lair:2)
  5 komodo dragons
  A kobold demonologist (D:14)
  An efreet (D:14)
  17 polar bears
  6 trolls
  8 blink frogs
  2 hornets
  A redback (Gauntlet)
  10 flying skulls (Gauntlet)
  3 wraiths
  A shadow (D:14)
  A vampire (D:13)
  30 yaks
  3 wyverns
  2 basilisks
  A steam dragon (D:11)
  Menkaure (D:4)
  3 acid dragons
  4 vampire mosquitoes (D:14)
  4 soldier ants
  2 water moccasins
  11 ice beasts
  An eye of draining (D:13)
  6 orc warriors
  A black bear (D:12)
  4 phantoms
  6 ogres
  A black bear (shapeshifter) (D:13)
  3 sky beasts
  A necrophage (D:13)
  24 wolves
  6 centaurs
  2 big kobolds
  13 bullfrogs
  A cane toad simulacrum (Gauntlet)
  A wyvern skeleton (D:9)
  2 water moccasin skeletons
  3 scorpions
  8 wights
  An electric eel (D:9)
  4 bullfrog zombies
  9 howler monkeys
  5 centaur zombies
  A wyvern simulacrum (Gauntlet)
  6 hounds
  2 jellies
  12 orc priests
  2 bullfrog skeletons
  4 centaur skeletons
  Ijyb (D:4)
  5 iguanas
  13 orc wizards
  16 worker ants
  2 bullfrog simulacra (Gauntlet)
  A centaur simulacrum (D:9)
  2 hound zombies
  A worker ant zombie (D:7)
  7 gnolls
  8 adders
  A shadow imp (D:7)
  13 white imps
  A worker ant simulacrum (D:9)
  An adder skeleton (D:5)
  A worm (D:5)
  A dart slug (D:1)
  6 leopard geckos
  60 orcs
  3 ball pythons
  13 bats
  3 giant cockroaches
  5 hobgoblins
  15 jackals
  6 quokkas
  3 frilled lizards
  5 goblins
  15 kobolds
  A quokka skeleton (D:5)
  6 rats
519 creatures vanquished.

Vanquished Creatures (others)
  A two-headed ogre (D:13)
  A polar bear (IceCv)
  An orc wizard (D:6)
  6 fungi
  6 plants
15 creatures vanquished.

Grand Total: 534 creatures vanquished

Notes
Turn   | Place    | Note
-------+----------+-------------------------------------------
     0 | D:1      | Azzok the Demonspawn Berserker began the quest for the Orb.
     0 | D:1      | Reached XP level 1. HP: 18/18 MP: 1/1
   192 | D:1      | Reached skill level 3 in Axes
   471 | D:1      | Gained mutation: You have a pair of small horns on your
                  | head. [demonic ancestry]
   471 | D:1      | Reached XP level 2. HP: 24/24 MP: 2/2
  1479 | D:2      | Found a faded altar of an unknown god.
  1532 | D:2      | Found an ornate altar of the Wu Jian Council.
  1535 | D:2      | Reached XP level 3. HP: 29/29 MP: 3/3
  1589 | D:2      | Reached ** piety under Trog
  1737 | D:2      | Reached skill level 4 in Axes
  2417 | D:3      | Gained mutation: Your flesh is heat resistant. (rF+)
                  | [demonic ancestry]
  2417 | D:3      | Reached XP level 4. HP: 26/35 MP: 4/4
  2430 | D:3      | Reached skill level 5 in Axes
  2796 | D:3      | Reached XP level 5. HP: 37/41 MP: 5/5
  3259 | D:4      | Noticed Ijyb
  3269 | D:4      | Reached skill level 6 in Axes
  3287 | D:4      | Killed Ijyb
  3287 | D:4      | Reached XP level 6. HP: 11/47 MP: 6/6
  3788 | D:4      | Noticed Menkaure
  3798 | D:4      | Killed Menkaure
  3798 | D:4      | Reached *** piety under Trog
  3798 | D:4      | Reached skill level 7 in Axes
  4171 | D:4      | Reached XP level 7. HP: 41/52 MP: 7/7
  4392 | D:4      | Found a staircase to the Ecumenical Temple.
  4425 | D:5      | Entered Level 5 of the Dungeon
  4946 | D:5      | Reached skill level 8 in Axes
  5256 | D:5      | Found a transporter.
  5310 | D:5      | Noticed Bliebski's ghost (novice OpTm)
  5342 | D:5      | Found a transporter.
  5671 | D:5      | Found a stormy altar of Qazlal.
  5702 | D:6      | Reached skill level 1 in Shields
  5702 | D:6      | Reached XP level 8. HP: 56/58 MP: 8/8
  5708 | D:6      | Reached skill level 9 in Axes
  6026 | D:6      | Reached **** piety under Trog
  6121 | D:6      | Found Baugyig's Bounteous Boutique.
  6128 | D:6      | Bought a scroll of blinking for 82 gold pieces
  6128 | D:6      | Bought a scroll of brand weapon for 220 gold pieces
  6232 | D:6      | Found a broken altar of Ashenzari.
  6404 | D:6      | Found a shimmering altar of Xom.
  7123 | D:7      | Reached skill level 10 in Axes
  7384 | D:7      | Gained mutation: You are partially covered in large bone
                  | plates. (SH +4) [demonic ancestry]
  7384 | D:7      | Reached XP level 9. HP: 58/63 MP: 9/9
  7807 | D:8      | Found a shimmering blue altar of Sif Muna.
  8033 | D:8      | Reached skill level 11 in Axes
  8229 | D:8      | Noticed Blork the orc
  8235 | D:8      | Found a shimmering blue altar of Sif Muna.
  8354 | D:8      | Found a bloodstained altar of Trog.
  8525 | D:9      | Reached ***** piety under Trog
  8598 | D:9      | Noticed a polar bear
  8609 | D:9      | Killed a polar bear
  9040 | D:9      | Reached skill level 12 in Axes
  9380 | D:9      | Noticed a two-headed ogre
  9442 | D:9      | Killed a two-headed ogre
  9442 | D:9      | Gained mutation: You have a pair of horns on your head.
                  | [demonic ancestry]
  9442 | D:9      | Reached XP level 10. HP: 70/70 MP: 10/10
  9864 | D:9      | Reached skill level 13 in Axes
 10197 | D:9      | Found a staircase to the Lair.
 10988 | D:10     | Entered Level 10 of the Dungeon
 11002 | D:10     | Found a shimmering altar of Xom.
 11258 | D:10     | Noticed Urug
 11290 | D:10     | Killed Urug
 11290 | D:10     | Reached skill level 14 in Axes
 11695 | D:10     | Received a gift from Trog
 11941 | D:10     | Noticed a brown ugly thing
 11954 | D:10     | Killed a brown ugly thing
 11954 | D:10     | Gained mutation: You sometimes gain a little power by
                  | taking damage. [demonic ancestry]
 11954 | D:10     | Reached XP level 11. HP: 75/75 MP: 11/11
 12120 | D:10     | Noticed a six-headed hydra
 12130 | D:10     | Killed a one-headed hydra
 12311 | D:10     | Reached skill level 15 in Axes
 12314 | D:10     | Found a staircase to the Orcish Mines.
 12318 | D:10     | Noticed a two-headed ogre
 12333 | D:10     | Killed a two-headed ogre
 12749 | D:10     | Paralysed by a hornet for 2 turns
 12895 | D:11     | Found a glowing golden altar of the Shining One.
 12963 | D:11     | Noticed a six-headed hydra
 12967 | D:11     | Killed a four-headed hydra
 13074 | D:11     | Received a gift from Trog
 13297 | D:11     | Noticed an unseen horror
 13309 | D:11     | Killed an unseen horror
 13312 | D:11     | Reached skill level 16 in Axes
 13579 | D:11     | Noticed a two-headed ogre
 13584 | D:11     | Killed a two-headed ogre
 14701 | D:12     | Reached XP level 12. HP: 81/81 MP: 12/12
 14701 | D:12     | Noticed a two-headed ogre
 14712 | D:12     | Killed a two-headed ogre
 14890 | D:12     | Found a white marble altar of Elyvilon.
 15248 | D:12     | Reached skill level 17 in Axes
 15707 | D:12     | You fall into a shaft and drop 1 floor!
 16142 | D:13     | Noticed a two-headed ogre
 16152 | D:13     | Killed a two-headed ogre
 16631 | D:13     | Found a transporter.
 16635 | D:13     | Found a bloodstained altar of Trog.
 16635 | D:13     | Identified the +10 executioner's axe "Waaw" {antimagic,
                  | +Rage rElec rC+ Stlth+}
 16635 | D:13     | Noticed Azzok's ghost (journeyman DsBe)
 16637 | D:13     | Noticed a stone giant
 16638 | D:13     | Noticed a two-headed ogre
 16646 | D:13     | Found a transporter.
 16779 | D:13     | Found Eckox's Weapon Shop.
 16828 | D:13     | Found Sijimext's General Store.
 16832 | D:13     | Bought a potion of curing for 36 gold pieces
 16832 | D:13     | Bought a scroll of identify for 24 gold pieces
 16860 | D:13     | Reached ****** piety under Trog
 16894 | D:13     | Found Orompoj's Antique Armour Boutique.
 16986 | D:13     | Bought a pair of embroidered boots for 240 gold pieces
 17019 | D:13     | Reached skill level 18 in Axes
 17235 | D:13     | Killed a two-headed ogre
 17246 | D:13     | Killed a stone giant
 17246 | D:13     | Received a gift from Trog
 17253 | D:13     | Killed Azzok's ghost
 17627 | D:14     | Noticed a five-headed hydra
 17634 | D:14     | Killed a two-headed hydra
 17634 | D:14     | Gained mutation: You have a pair of large horns on your
                  | head. [demonic ancestry]
 17634 | D:14     | Reached XP level 13. HP: 50/86 MP: 4/13
 18022 | D:14     | Reached skill level 19 in Axes
 18038 | D:14     | Found a frozen archway.
 18045 | IceCv    | Entered an ice cave
 19064 | IceCv    | Received a gift from Trog
 19290 | IceCv    | Noticed a frost giant
 19313 | IceCv    | Killed a frost giant
 19735 | D:14     | Reached skill level 20 in Axes
 20531 | D:14     | Found a gate to the Vaults.
 20531 | D:14     | Noticed an ironheart preserver
 20542 | D:14     | Killed an ironheart preserver
 20780 | D:14     | Gained mutation: You are mostly covered in large bone
                  | plates. (SH +6) [demonic ancestry]
 20780 | D:14     | Reached XP level 14. HP: 93/93 MP: 4/14
 21775 | Lair:1   | Entered Level 1 of the Lair of Beasts
 23324 | Lair:2   | Noticed Maggie
 23331 | Lair:2   | Killed Maggie
 23659 | Lair:2   | Noticed Nergalle
 23661 | Lair:2   | Noticed Harold
 23686 | Lair:2   | Killed Nergalle
 23730 | Lair:2   | Killed Harold
 23730 | Lair:2   | Reached skill level 21 in Axes
 24540 | Lair:3   | Found a gate leading to a gauntlet.
 24548 | Gauntlet | Entered a Gauntlet
 24548 | Gauntlet | Found a transporter.
 24548 | Gauntlet | Found a transporter.
 24548 | Gauntlet | Found a transporter.
 24552 | Gauntlet | Found a transporter.
 24553 | Gauntlet | Found a transporter.
 24555 | Gauntlet | Found a transporter.
 24566 | Gauntlet | Found a transporter.
 24567 | Gauntlet | Found a transporter.
 24572 | Gauntlet | Found a transporter.
 24572 | Gauntlet | Found a transporter.
 24580 | Gauntlet | Found a transporter.
 24695 | Gauntlet | Found a transporter.
 24751 | Gauntlet | Got a flickering steel ring
 24752 | Gauntlet | Identified the ring of Undoing {*Contam rN++ Str+3 Int+3
                  | Stlth-} (You found it in a Gauntlet)
 24762 | Gauntlet | Received a gift from Trog
 24822 | Gauntlet | Got a shimmering hat
 24956 | Gauntlet | HP: 5/139 [poisoned by a redback]
 24957 | Gauntlet | Succumbed to a redback's poison

Illustrated notes

Levels and vault maps discovered:
D:1:      heliophobic_arrival_ceremonial_halls, layout_basic
D:2:      layout_loops_cross, marbit_many_paths, chequers_ecumenical_altar_grove
D:3:      layout_rooms
D:4:      layout_rooms, temple_hall, serial_curves, eino_curves_04,
          eino_curves_01, uniq_menkaure, uniq_ijyb
D:5:      layout_rooms, basic_altar, gammafunk_ghost_arena, grunt_ministairs_5
D:6:      layout_basic, evilmike_ruin_ashenzari, xom_teletrap_fun,
          minmay_misc_feat_rows, nicolae_alphabet_shops
D:7:      layout_loops_ring, minivault_25
D:8:      layout_rooms, kennysheep_little_box, tgw_sif, basic_altar
D:9:      layout_roguey, david_lair_shrubbed, serial_ice, serial_ice_o,
          serial_ice_m, serial_ice_i, serial_ice_c, serial_ice_d, serial_ice_e,
          serial_ice_g, serial_ice_h, serial_ice_n, serial_ice_f
D:10:     layout_basic, hiddenorc2_lemuel, basic_altar,
          hangedman_pestilent_swarm, uniq_urug
D:11:     layout_roguey, lemuel_tele_altar
D:12:     layout_irregular_city, david_defended_altar_elf
D:13:     layout_loops_ring, serial_shops, nicolae_shop_trees, shop_fountains,
          nicolae_shop_trees, gammafunk_ghost_wrathful_warriors,
          minmay_stone_trees_small
D:14:     layout_cave_pods, skrybe_vaults_entry_preservation,
          portal_ice_cave_entry_ice_beasts, minmay_splitting_lines
Lair:1:   layout_cellular_growth
Lair:2:   layout_cave_pods, uniq_nergalle, uniq_harold, uniq_maggie
Lair:3:   layout_gridlike, minmay_shoals_entry_beasts,
          nicolae_spider_entry_orb_guardian, maelrawn_ghost_gauntlet_escape,
          gauntlet_entry_generic, serial_bayou_pond_a, uniq_snorg,
          uniq_gastronok
Gauntlet: gammafunk_gauntlet_hard_choice [gammafunk_gauntlet_arena_spirals,
          gammafunk_gauntlet_arena_split_diamond,
          gammafunk_gauntlet_arena_crates, gammafunk_gauntlet_arena_chambers,
          gammafunk_gauntlet_arena_corners, nicolae_gauntlet_arena_t_cross,
          gauntlet_exit_watery]

Skill      XL: |  1  2  3  4  5  6  7  8  9 10 11 12 13 14 |
---------------+-------------------------------------------+-----
Axes           | 3 4 5 6 7 8 10 12 14 16 18 20 21 | 21.2
Shields        | 1 4 |  4.0
Fighting       | |  3.0
Armour         | |  1.7
Dodging        | |  1.7

Action                   |  1- 3 |  4- 6 |  7- 9 | 10-12 | 13-15 || total
-------------------------+-------+-------+-------+-------+-------++-------
Melee: Hand axe          |    13 |       |       |    37 |       ||    50
       Whip              |   109 |   104 |   497 |   215 |       ||   925
       Headbutt          |    15 |    14 |   124 |   142 |   105 ||   400
       Broad axe         |       |       |       |   376 |   157 ||   533
       Executioner's axe |       |       |       |       |   279 ||   279
Invok: Berserk           |       |     2 |     3 |    15 |    10 ||    30
       Trog's Hand       |       |       |       |       |     4 ||     4
Evoke: Wand              |       |       |       |     2 |       ||     2
  Use: Scroll            |       |     5 |     5 |    10 |     5 ||    25
       Potion            |       |       |       |     3 |       ||     3
 Stab: Sleeping          |     2 |       |       |       |       ||     2
       Invisible         |       |       |       |     9 |       ||     9
       Distracted        |       |       |       |     1 |       ||     1
Armor: Animal skin       |    17 |       |       |       |       ||    17
       Scale mail        |    41 |    28 |     4 |       |       ||    73
       Plate armour      |       |       |   207 |   194 |   283 ||   684
Dodge: Dodged            |    99 |    52 |    87 |    90 |   164 ||   492
Block: Buckler           |       |       |   113 |   174 |    62 ||   349
       Other             |       |       |       |       |    78 ||    78

Table legend: (Time is in decaauts)
 A = Elapsed time spent in this place.
 B = Non-inter-level travel time spent in this place.
 C = Inter-level travel time spent in this place.
 D = Time resting spent in this place.
 E = Time spent auto-exploring this place.
 F = Levels seen in this place.
 G = Mean time per level.
                   A        B        C        D        E       F      G
               +--------+--------+--------+--------+--------+-----+--------+
         Total |  24889 |  24385 |    504 |   4581 |  16130 |  19 | 1309.9 |
       Dungeon |  20445 |  19988 |    457 |   3546 |  13556 |  14 | 1460.4 |
          Lair |   2480 |   2433 |     47 |     94 |   2063 |   3 |  826.7 |
      Ice Cave |   1567 |   1567 |      0 |    825 |    511 |   1 | 1567.0 |
      Gauntlet |    396 |    396 |      0 |    115 |      0 |   1 |  396.0 |
               +--------+--------+--------+--------+--------+-----+--------+

Top non-repeatable levels by time:
     D:9: 2597 daAuts
    D:14: 2536 daAuts
    D:10: 1872 daAuts
    D:11: 1861 daAuts
     D:4: 1838 daAuts
    D:13: 1738 daAuts
  Lair:2: 1639 daAuts
   IceCv: 1567 daAuts
     D:6: 1221 daAuts
    D:12: 1215 daAuts
     D:3: 1117 daAuts
     D:1: 1003 daAuts
     D:2: 946 daAuts
     D:7: 855 daAuts
     D:8: 841 daAuts
